 Dungeon Crawl Stone Soup version 0.18-b1-14-g029dad2 (webtiles) character file.

2049 MTVSty1e the Covered (level 9, -1/79 HPs)
             Began as a Hill Orc Fighter on Apr 30, 2016.
             Was a Believer of Okawaru.
             Slain by a wight
             ... wielding a +0 trident
              (3 damage)
             ... on level 6 of the Dungeon.
             The game lasted 00:21:40 (4203 turns).

MTVSty1e the Covered (Hill Orc Fighter)             Turns: 4203, Time: 00:21:41

Health: -1/79      AC: 15    Str: 22    XL:     9   Next: 25%
Magic:  9/9        EV:  6    Int: 13    God:    Okawaru [**....]
Gold:   263        SH: 10    Dex: 10    Spells: 0 memorised, 8 levels left

rFire  . . .     SeeInvis .     w - +3 spear
rCold  + . .     Gourm    .     e - +1 plate armour
rNeg   . . .     Faith    .     c - +0 shield
rPois  .         Spirit   .     v - +0 helmet
rElec  .         Dismiss  .     (no cloak)
rCorr  .         Reflect  .     (no gloves)
SustAt .         Harm     .     (no boots)
MR     .....                    (no amulet)
Stlth  ..........               F - ring of ice
                                h - ring of protection from fire

@: brilliant, flying, very slightly contaminated, hasted, drained, very quick,
not resistant to hostile enchantments, extremely unstealthy
A: no striking features
a: Heroism, Renounce Religion


You were on level 6 of the Dungeon.
You worshipped Okawaru.
Okawaru was pleased with you.
You were not hungry.

You visited 2 branches of the dungeon, and saw 7 of its levels.

You collected 263 gold pieces.

Inventory:

Hand Weapons
 a - a +0 war axe
 u - a +1 long sword
 w - a +3 spear (weapon)
 A - a cursed -2 dagger
 B - a +1 falchion of holy wrath
 C - a cursed -2 dagger
 H - a +2 flail of holy wrath
Armour
 b - a +0 scale mail
 c - a +0 shield (worn)
 e - a +1 plate armour (worn)
 v - a +0 helmet (worn)
Jewellery
 h - a ring of protection from fire (left hand)
 j - a cursed -3 ring of strength {unknown}
 q - an uncursed ring of flight {unknown}
 s - a cursed ring of teleportation
 F - a ring of ice (right hand)
Wands
 g - a wand of random effects (46/48)
 l - a wand of heal wounds (0/9)
Scrolls
 i - 2 scrolls of amnesia
 k - 4 scrolls of remove curse
Potions
 D - a potion of haste
Comestibles
 f - 2 bread rations
 m - a slice of pizza
 p - 2 meat rations


   Skills:
 * Level 7.1(6.5) Fighting
 - Level 3.5(4.4) Axes
 * Level 4.5(4.3) Polearms
 * Level 7.3(6.6) Armour
 * Level 4.2(3.6) Dodging
 + Level 0.5(0.0) Stealth
 + Level 6.5(5.8) Shields


You had 8 spell levels left.
You didn't know any spells.

Dungeon Overview and Level Annotations

Branches:
Dungeon (6/15)             Temple (1/1) D:4

Altars:
Ashenzari
Cheibriados
Dithmenos
Elyvilon
Gozag
Makhleb
Nemelex Xobeh
Okawaru
Pakellas
Sif Muna
Trog
Vehumet
Xom
Yredelemnul
Zin
The Shining One


Message History

You closely miss the wight.
You feel less invigorated.
You feel less confused. The goblin hits you but does no damage.
You block the scorpion's attack.
The wight hits you from afar with a trident.
* * * LOW HITPOINT WARNING * * *
You closely miss the hobgoblin. The hobgoblin barely misses you.
The wight hits you but does no damage. The goblin hits you but does no damage.
You hit the hobgoblin.
The hobgoblin is severely wounded.
The scorpion stings you but does no damage.
You block the wight's attack. The hobgoblin barely misses you.
You hit the wight.
The wight is lightly damaged.
The wight hits you but does no damage. The goblin hits you but does no damage.
The scorpion stings you.
* * * LOW HITPOINT WARNING * * *
You hit the wight.
The wight is heavily damaged.
The wight hits you from afar with a trident.
You die...

.≈...z.;≈≈;≈≈ .≈≈.≈.≈≈≈≈≈≈≈
....g........ ...................
....(.g..)... ....?.............
...........## ..<. #######<#.##.
####..g##...# ##... #......
........###.. ...####### #.#####
.......zg..## ........# #.#
.......g##.g#####g.....(# #.##
...........ggggz@g.)....###..####
...)....###.#####s......##.......
........[....)))(z########.....##
........####..##.g.............#
........# ##.####....####.....#
........# #...# ..#..###.....#
......... ###.# #.##.##...#.##
########## #.# #.##.#...##.# #.#
#.##.#..###.#


You could see a scorpion, 2 wights, 4 hobgoblins and 4 goblins.

Vanquished Creatures
  Eustachio (D:4)
  Edmund (D:5)
  3 sky beasts
  2 ogres
  A necrophage (D:5)
  A centaur (D:5)
  Blork the orc (D:5)
  A wyvern zombie (D:6)
  A scorpion (D:4)
  2 water moccasin skeletons (D:6)
  6 wights (D:6)
  2 howler monkeys
  A centaur zombie (D:6)
  A hound (D:5)
  2 gnoll shamans
  Jessica (D:3)
  Natasha (twice) (D:4)
  Terence (D:2)
  An iguana (D:5)
  3 orc wizards (D:4)
  A worker ant (D:4)
  8 gnolls
  9 adders
  An adder zombie (D:5)
  A worm (D:3)
  2 dart slugs
  2 giant geckos
  10 orcs (D:4)
  2 giant cockroaches
  6 hobgoblins
  5 jackals (D:2)
  2 quokkas
  2 ball pythons (D:1)
  A bat (D:3)
  9 giant newts
  10 goblins
  A jackal skeleton (D:5)
  4 kobolds
  6 rats
116 creatures vanquished.

Notes
Turn   | Place    | Note
--------------------------------------------------------------
     0 | D:1      | MTVSty1e the Hill Orc Fighter began the quest for the Orb.
     0 | D:1      | Reached XP level 1. HP: 19/19 MP: 1/1
   236 | D:1      | Reached XP level 2. HP: 27/27 MP: 2/2
   574 | D:2      | Noticed Terence
   597 | D:2      | Killed Terence
   597 | D:2      | Reached XP level 3. HP: 29/33 MP: 3/3
  1044 | D:2      | Reached XP level 4. HP: 39/40 MP: 4/4
  1072 | D:2      | Found a radiant altar of Vehumet.
  1619 | D:3      | Found a faded altar to an unknown god.
  1623 | D:3      | Noticed Jessica
  1632 | D:3      | Killed Jessica
  1799 | D:4      | Reached XP level 5. HP: 45/47 MP: 5/5
  1807 | D:4      | Noticed Eustachio
  1842 | D:4      | Killed Eustachio
  1842 | D:4      | Reached skill level 5 in Fighting
  1842 | D:4      | Reached skill level 1 in Polearms
  1842 | D:4      | Reached skill level 5 in Armour
  1842 | D:4      | Reached skill level 1 in Dodging
  1842 | D:4      | Reached XP level 6. HP: 44/56 MP: 6/6
  1855 | D:4      | Noticed Natasha
  1877 | D:4      | Killed Natasha
  2102 | D:4      | Reached XP level 7. HP: 50/61 MP: 7/7
  2131 | D:4      | Found a staircase to the Ecumenical Temple.
  2149 | Temple   | Entered the Ecumenical Temple
  2164 | Temple   | Became a worshipper of Warmaster Okawaru
  2503 | D:4      | Noticed Natasha
  2521 | D:4      | Killed Natasha
  2703 | D:5      | Entered Level 5 of the Dungeon
  2713 | D:5      | Reached skill level 5 in Shields
  2715 | D:5      | Noticed Edmund
  2754 | D:5      | Killed Edmund
  2754 | D:5      | Reached * piety under Okawaru
  2754 | D:5      | Reached XP level 8. HP: 41/69 MP: 8/8
  2917 | D:5      | Noticed Blork the orc
  2982 | D:5      | Killed Blork the orc
  3146 | D:5      | Found a burning altar of Makhleb.
  3782 | D:6      | Found a white marble altar of Elyvilon.
  3786 | D:6      | Found a sparkling altar of Nemelex Xobeh.
  3786 | D:6      | Found a shimmering altar of Xom.
  3797 | D:6      | Found a shattered altar of Ashenzari.
  3801 | D:6      | Found an oddly glowing altar of Pakellas.
  3924 | D:6      | Reached ** piety under Okawaru
  3951 | D:6      | Reached XP level 9. HP: 62/78 MP: 9/9
  4202 | D:6      | HP: 2/79 [scorpion (5)]
  4203 | D:6      | Slain by a wight

Skill      XL: |  1  2  3  4  5  6  7  8  9 |
---------------+----------------------------+-----
Fighting       | 4 5 6 7 |  7.1
Axes           | 3 |  3.5
Armour         | 4 5 6 7 |  7.3
Polearms       | 1 2 4 |  4.5
Dodging        | 1 2 3 4 |  4.2
Shields        | 4 5 6 |  6.5
Stealth        | |  0.5

Action                   |  1- 3 |  4- 6 |  7- 9 || total
-------------------------+-------+-------+-------++-------
Melee: War axe           |   122 |    23 |       ||   145
       Spear             |       |    91 |   465 ||   556
Evoke: Wand              |       |       |     2 ||     2
  Use: Scroll            |     1 |     2 |    10 ||    13
       Potion            |       |     4 |    13 ||    17
  Eat: Bread ration      |     1 |       |     1 ||     2
       Meat ration       |       |       |     1 ||     1
Armor: Plate armour      |    78 |    58 |   252 ||   388
       Skin              |       |       |   135 ||   135
Dodge: Dodged            |     8 |    28 |   109 ||   145
Block: Shield            |    52 |    56 |   283 ||   391
